 Dungeon Crawl Stone Soup version 0.17-a0-1105-gbe8b664 (webtiles) character file.

231734 Charly the Executioner (level 17, 0/166 HPs)
             Began as a Deep Dwarf Berserker on May 20, 2015.
             Was a Follower of Makhleb.
             Slain by a troll (5 damage)
             ... created by the rage of Trog
             ... on level 1 of the Vaults on May 21, 2015.
             The game lasted 05:17:20 (12345 turns).

Charly the Executioner (Deep Dwarf Berserker)      Turns: 12345, Time: 05:17:20

Health: 0/166      AC: 22    Str: 23    XL:     17   Next: 85%
Magic:  11/17      EV: 17    Int: 25    God:    Makhleb [*.....]
Gold:   696        SH:  0    Dex: 16    Spells: 4 memorised, 5 levels left

rFire  + . .     SeeInvis +     a - +6 executioner's axe (flame)
rCold  + + .     Clarity  .     k - +5 scale mail "Mooroent" {+Fly Slay+2 SInv}
rNeg   + + .     SustAb   .     (no shield)
rPois  .         Gourm    .     (helmet restricted)
rElec  .         Spirit   .     j - +1 cloak "Mafrisis" {+Blink MR+ Str-2 Int+10}
rCorr  .         Warding  +     t - +2 pair of gloves
rMut   .         NoTele   +     Z - +0 pair of boots (curse)
MR     +++..                    T - macabre finger necklace {Ward rN+}
Stlth  ..........               x - ring "Vupabbog" {Str+2 Int+4 Slay+3}
                                R - ring "Coatimn" {-Tele rC+ Dex+4 Slay+5}
                                S - +5 ring of slaying

@: non-regenerating, repel missiles, extremely resistant to hostile
enchantments, extremely unstealthy
A: damage resistance, recharge devices, claws 1, horns 1, yellow scales 1, cold
resistance 1, dopey 1, fire resistance 1, negative energy resistance 1, sense
surroundings 3, slow healing 3, evolution 1, MP-powered wands
a: Device Recharging, Renounce Religion, Evoke Blink, Evoke Flight
}: 3/15 runes: serpentine, barnacled, slimy


You were on level 1 of the Vaults.
You worshipped Makhleb.
Makhleb was aware of your devotion.
You were very hungry.

You visited 8 branches of the dungeon, and saw 43 of its levels.
You also visited: Labyrinth, Trove, Sewer, Ossuary, Bailey, Ice Cave and Volcano.

You collected 3263 gold pieces.
You spent 2567 gold pieces at shops.

Inventory:

Hand weapons
 a - a +6 executioner's axe of flaming (weapon)
 P - the +14 obsidian axe {chop, +Fly Str+3 SInv *Curse}
   (You found it in a labyrinth)

   It inflicts extra damage upon your enemies.
   It affects your strength (+3).
   It lets you see invisible.
   It lets you fly.
   It may re-curse itself when equipped.
Missiles
 H - 8 throwing nets (quivered)
Armour
 j - the +1 cloak "Mafrisis" (worn) {+Blink MR+ Str-2 Int+10}
   (You bought it in a shop on level 4 of the Orcish Mines)

   It affects your strength (-2).
   It affects your intelligence (+10).
   It affects your resistance to hostile enchantments.
   It lets you blink.
 k - the +5 scale mail "Mooroent" (worn) {+Fly Slay+2 SInv}
   (You found it in a labyrinth)

   It affects your accuracy and damage with ranged weapons and melee attacks
   (+2).
   It lets you see invisible.
   It lets you fly.
 t - a +2 pair of gloves (worn)
 F - the +1 buckler "Norang" {*Confuse rF+ rC+ Slay+3}
   (You acquired it on level 3 of the Shoals)

   It affects your accuracy and damage with ranged weapons and melee attacks
   (+3).
   It protects you from fire.
   It protects you from cold.
   It may confuse you when you take damage.
 Q - a +2 helmet
 Z - a cursed +0 pair of boots (worn)
Magical staves
 b - an uncursed staff of wizardry
Jewellery
 e - an uncursed ring of teleport control
 f - an uncursed ring of teleportation
 i - the ring of Mejo {+Inv rElec rF++ rC+ Str-4}
   (You took it off a naga mage on level 4 of the Snake Pit)

   [ring of protection from cold]

   It affects your strength (-4).
   It greatly protects you from fire.
   It protects you from cold.
   It insulates you from electricity.
   It lets you turn invisible.
 q - the ring of Peawne {rPois rN+ Str+6 Int-4 Stlth-}
   (You found it on level 6 of the Pits of Slime)

   [ring of loudness]

   It affects your strength (+6).
   It affects your intelligence (-4).
   It protects you from poison.
   It protects you from negative energy.
   It makes you less stealthy.
 x - the ring "Vupabbog" (right hand) {Str+2 Int+4 Slay+3}
   (You found it on level 3 of the Lair of Beasts)

   [ring of strength]

   It affects your strength (+2).
   It affects your intelligence (+4).
   It affects your accuracy and damage with ranged weapons and melee attacks
   (+3).
 B - a ring of the Octopus King {Wiz AC+1 EV+1 Str+1 Int+1 Dex+1}
   (You found it in a treasure trove)

   [ring of wizardry]

   It improves your spell success rate.
   It affects your AC (+1).
   It affects your evasion (+1).
   It affects your strength (+1).
   It affects your intelligence (+1).
   It affects your dexterity (+1).
 J - an uncursed ring of see invisible
 R - the ring "Coatimn" (left hand) {-Tele rC+ Dex+4 Slay+5}
   (You found it in a treasure trove)

   [ring of slaying]

   It affects your dexterity (+4).
   It affects your accuracy and damage with ranged weapons and melee attacks
   (+5).
   It protects you from cold.
   It prevents most forms of teleportation.
 S - a +5 ring of slaying (on amulet)
 T - the macabre finger necklace (around neck) {Ward rN+}
   (You found it on level 6 of the Pits of Slime)

   [amulet of warding]

   It may prevent the melee attacks of summoned creatures.
   It protects you from negative energy.
 U - an uncursed amulet of rage
 X - the amulet "Seam" {rMut MP+9 Str+7 Dex+6}
   (You found it in a treasure trove)

   [amulet of resist mutation]

   It protects you from mutation.
   It affects your strength (+7).
   It affects your dexterity (+6).
   It affects your magic capacity (+9).
 Y - an uncursed amulet of stasis
Magical devices
 g - a wand of disintegration (6)
 w - a wand of heal wounds (1)
 I - a wand of teleportation (3)
Scrolls
 h - a scroll of holy word
 n - a scroll of blinking
 p - 2 scrolls of fog
 u - a scroll of summoning
 y - 3 scrolls of silence
 C - 2 scrolls of recharging
 D - 4 scrolls of teleportation
 E - 6 scrolls of enchant armour
 M - 2 scrolls of magic mapping
 N - 5 scrolls of remove curse
 V - 2 scrolls of identify
Potions
 l - 5 potions of might
 m - 11 potions of curing
 o - a potion of agility
 r - a potion of haste
 K - 2 potions of resistance
 L - 3 potions of berserk rage
 O - a potion of magic
Miscellaneous
 s - a phantom mirror
 A - a phial of floods
 G - a disc of storms
Comestibles
 d - 7 bread rations
 z - 5 meat rations


   Skills:
 + Level 14.1 Fighting
 - Level 23.9 Axes
 + Level 9.4 Armour
 - Level 10.7 Dodging
 + Level 1.4 Spellcasting
 + Level 1.3 Translocations
 - Level 12.7 Evocations


You had 5 spell levels left.
You knew the following spells:

 Your Spells              Type           Power        Failure   Level  Hunger
c - Cure Poison           Pois           #.........   43%         2    ###....
p - Phase Shift           Tloc           #.........   100%        5    ######.
r - Repel Missiles        Chrm/Air       #.....       43%         2    ###....
C - Control Teleport      Chrm/Tloc      #.........   99%         4    #####..


Dungeon Overview and Level Annotations

Branches:
Dungeon (15/15)            Temple (1/1) D:4            Lair (8/8) D:11
 Shoals (4/4) Lair:4        Snake (4/4) Lair:4        Slime (6/6) Lair:8
    Orc (4/4) D:11            Elf (0/3) Orc:4        Vaults (1/5) D:14
 Depths (0/5) D:15

Altars:
Ashenzari
Cheibriados
Dithmenos
Elyvilon
Fedhas
Kikubaaqudgha
Makhleb
Nemelex Xobeh
Okawaru
Qazlal
Ru
Sif Muna
Trog
Xom
Yredelemnul
Zin
Jiyva

Shops:
D:6 (   D:11 [   D:13 ((=   D:15 =(   Orc:4 }[!%?!   Shoals:3 ?

Portals:
Pandemonium: Orc:4

Annotations:
D:7 Joseph


Innate Abilities, Weirdness & Mutations

You are resistant to damage.
You can recharge devices by infusing magical energy.
You resist negative energy.
You passively map a large area around you.
You do not heal naturally.
You have sharp fingernails.
You have a pair of small horns on your head.
You are partially covered in yellow scales (AC +2).
Your flesh is cold resistant.
You are dopey. (Int -2)
Your flesh is heat resistant.
You evolve.
You expend magic power (3 MP) to strengthen your wands.


Message History

The troll claws you but does no damage.
Unknown command.
Evoke which item? (* to show all) (? for menu, Esc to quit)
Okay, then.
Read which item? (? for menu, Esc to quit)
Okay, then.
Drink which item? (? for menu, Esc to quit)
Okay, then.
Evoke which item? (* to show all) (? for menu, Esc to quit)
Zapping:
w - a wand of heal wounds (2)
Press: ? - help, Shift-Dir - straight line, f - you You feel much better.
This wand has 1 charge left.
The troll bites you. The troll claws you but does no damage.
The troll completely misses you. The iron troll barely misses you.
The iron troll claws you!!
* * * LOW HITPOINT WARNING * * *
The iron troll claws you but does no damage.
The troll closely misses you. The troll claws you!
* * * LOW HITPOINT WARNING * * *
The troll claws you.
You die...

...'.###..# #.#
, ,,,
...####...#####
** ...#
#......# * *
...#
######'#######
, , ...#
#.......# , *
...# #.......#
,, ,, ...#
#.......# , ,
...# #...).T.#
* ...# *
#.....@.# , * ,
* , ...# ,
+.....T.# , , *
...# ,,
#.......#* * **
* ...#, ,
.#.......+ , *,
, ...#
,,..#.......+ ,
...#
,..#.......# ,
, , ...+
.######### * ,
,,, ...#* * , ,
, ,, ...# * * ,
* , *,


You could see an iron troll (berserk) and a troll (berserk).

Vanquished Creatures
  the royal jelly (Slime:6)
  Rupert (D:14)
  The ghost of inmateoo the Black Sun, a mighty HuNe of Kikubaaqudgha (Snake:4)
  15 acid blobs
  Kirke (Shoals:3)
  4 greater nagas
  6 azure jellies
  Donald (D:14)
  A vault warden (Vaults:1)
  Snorg (Lair:5)
  5 merfolk javelineers (Shoals:4)
  A death ooze (Slime:6)
  5 merfolk impalers
  Josephine (Lair:5)
  A minotaur (Lab)
  A great orb of eyes (Slime:6)
  3 rakshasas (D:15)
  4 anacondas
  A centaur warrior (D:15)
  12 naga warriors
  A catoblepas (Lair:8)
  2 merfolk avatars
  A merfolk aquamancer (Shoals:4)
  6 hydras
  An ogre mage (D:15)
  A satyr (Shoals:4)
  5 death yaks (Lair:8)
  9 orc high priests (Orc:4)
  A deep troll shaman (Lair:8)
  9 naga sharpshooters
  3 shock serpents
  An ice devil (Orc:4)
  A wizard (D:15)
  6 sea snakes
  An infernal demonspawn (Orc:4)
  4 naga ritualists
  A giant orange brain (D:14)
  2 skeletal warriors (D:14)
  4 hill giants
  A deep troll (D:14)
  A flayed ghost (D:14)
  2 ice statues (IceCv)
  Pikel (D:5)
  A torturous demonspawn (Orc:4)
  6 harpies (Shoals:3)
  3 griffons
  A deep elf conjurer (D:15)
  3 shining eyes
  4 mana vipers
  4 orc sorcerers
  2 water nymphs
  2 cyclopes
  4 orc knights (Orc:4)
  7 fauns
  A putrid demonspawn (Orc:4)
  11 ugly things
  5 manticores
  11 elephants
  3 sirens
  2 sixfirhies (Orc:4)
  3 drowned souls (Shoals:3)
  2 salamanders (Snake:4)
  An orange demon (Orc:4)
  2 eyes of devastation
  Psyche (D:8)
  A gargoyle (D:15)
  A torpor snail (Lair:6)
  2 spiny frogs
  14 naga magi
  4 yaktaurs (Vaults:1)
  3 centaur skeletons
  2 guardian serpents (Snake:4)
  7 komodo dragons
  3 smoke demons (Orc:4)
  20 black mambas
  2 trolls
  3 hellwings (Orc:4)
  6 two-headed ogres
  18 merfolk
  2 fire drakes
  A freezing wraith (D:14)
  A blue devil (Orc:4)
  A polar bear (shapeshifter) (D:14)
  A wind drake (shapeshifter) (D:15)
  A hornet zombie (D:14)
  2 polar bears (Vaults:1)
  32 slime creatures
  3 blink frogs (Lair:6)
  4 snapping turtles
  2 hungry ghosts
  2 shadows
  7 wraiths
  4 basilisks
  2 water elementals
  5 fire bats
  A hog (shapeshifter) (D:14)
  2 deep elf fighters
  27 wolves
  23 yaks
  2 wyverns
  8 golden eyes
  17 humans
  6 hippogriffs
  A warg (Orc:2)
  9 vampire mosquitoes
  4 hogs
  48 nagas
  6 porcupines
  18 water moccasins
  21 ice beasts
  A wasp (D:11)
  A necrophage (D:10)
  4 black bears
  3 eyes of draining
  9 ogres
  2 phantoms
  31 orc warriors
  A brain worm (D:14)
  11 centaurs
  10 crocodiles
  4 big kobolds
  14 giant frogs
  2 scorpions
  3 troll zombies (D:11)
  4 killer bees (D:14)
  2 electric eels (D:11)
  13 wights
  6 crimson imps
  10 orc wizards
  7 hounds
  25 orc priests
  2 iguanas
  9 jellies
  A giant frog skeleton (D:8)
  5 worker ants
  5 ogre zombies (D:11)
  5 sheep
  A hound zombie (D:6)
  4 mummies (Ossuary)
  3 worker ant zombies
  3 gnolls (D:10)
  15 river rats
  5 adders
  2 shadow imps
  3 giant geckos
  104 orcs
  3 giant cockroaches
  8 hobgoblins
  4 quokkas
  7 ball pythons
  12 bats
  5 giant newts
  12 goblins
  4 goblin skeletons (D:11)
  A goblin zombie (D:11)
  2 hobgoblin skeletons (D:11)
  4 hobgoblin zombies (D:11)
  5 jackals
  34 kobolds
  4 orc skeletons (D:11)
  10 orc zombies (D:11)
  30 rats
  6 fungi
  3 plants
1042 creatures vanquished.

Vanquished Creatures (collateral kills)
  An acid blob (Slime:6)
  An azure jelly (Slime:6)
  A merfolk aquamancer (Shoals:4)
  A sea snake (Shoals:4)
  A griffon (Shoals:4)
  A slime creature (Slime:6)
  A gnoll sergeant (D:10)
  3 gnolls (D:10)
10 creatures vanquished.

Vanquished Creatures (others)
  An iron troll (Slime:6)
  An ice devil (Shoals:4)
  A sixfirhy (Shoals:4)
  2 drowned souls (Shoals:3)
  3 water elementals (Slime:6)
  A smoke demon (Shoals:4)
  2 jackals (D:5)
  2 butterflies (D:11)
  A fungus (Lair:1)
  2 plants (Shoals:4)
16 creatures vanquished.

Grand Total: 1068 creatures vanquished

Notes
Turn   | Place    | Note
--------------------------------------------------------------
     0 | D:1      | Charly the Deep Dwarf Berserker began the quest for the Orb.
     0 | D:1      | Reached XP level 1. HP: 20/20 MP: 1/1
   184 | D:2      | Reached XP level 2. HP: 13/27 MP: 2/2
   192 | D:2      | Reached skill level 4 in Axes
   469 | D:3      | Found a glowing drain.
   472 | D:3      | Reached XP level 3. HP: 11/33 MP: 3/3
   480 | Sewer    | Entered a sewer
   503 | Sewer    | Acquired Trog's second power
   503 | Sewer    | Reached skill level 5 in Axes
   601 | Sewer    | Reached XP level 4. HP: 40/40 MP: 4/4
   617 | Sewer    | Noticed a big kobold
   639 | Sewer    | Killed a big kobold
   639 | Sewer    | Reached skill level 6 in Axes
   641 | Sewer    | Reached XP level 5. HP: 39/46 MP: 5/5
  1075 | D:4      | Noticed an ogre
  1091 | D:4      | Killed an ogre
  1091 | D:4      | Reached skill level 7 in Axes
  1091 | D:4      | Reached XP level 6. HP: 55/55 MP: 6/6
  1201 | D:5      | Entered Level 5 of the Dungeon
  1304 | D:5      | Found a bloodstained altar of Trog.
  1320 | D:5      | Noticed Pikel
  1342 | D:5      | Killed Pikel
  1342 | D:5      | Reached skill level 9 in Axes
  1342 | D:5      | Reached XP level 7. HP: 61/61 MP: 7/7
  1355 | D:5      | Reached skill level 10 in Axes
  1428 | D:6      | Reached XP level 8. HP: 49/68 MP: 8/8
  1462 | D:6      | Found Uveuq's Antique Weapon Shop.
  1520 | D:6      | Reached skill level 11 in Axes
  1548 | D:6      | Found a sacrificial altar of Ru.
  1550 | D:6      | Found a basalt altar of Yredelemnul.
  1571 | D:6      | Found a glowing silver altar of Zin.
  1594 | D:6      | Found a shadowy altar of Dithmenos.
  1648 | D:6      | Found an iron altar of Okawaru.
  1674 | D:6      | Got a spiked ring mail
  1685 | D:6      | Identified the +0 ring mail of Teeloqu {rCorr Str+3 Int-4 Stlth+} (You found it on level 6 of the Dungeon)
  1774 | D:6      | Acquired Trog's third power
  1967 | D:8      | Found a stormy altar of Qazlal.
  2007 | D:8      | Reached skill level 12 in Axes
  2023 | D:8      | Found a sand-covered staircase.
  2029 | D:8      | Noticed Psyche
  2032 | Ossuary  | Entered an ossuary
  2195 | D:8      | Killed Psyche
  2195 | D:8      | Gained mutation: You passively map the area around you. [Deep Dwarf growth]
  2195 | D:8      | Reached XP level 9. HP: 74/74 MP: 9/9
  2232 | D:9      | Reached skill level 13 in Axes
  2341 | D:10     | Entered Level 10 of the Dungeon
  2495 | D:10     | Got a warped chain mail
  2506 | D:10     | Identified the +1 chain mail of Greed {rElec rCorr} (You found it on level 10 of the Dungeon)
  2651 | D:10     | Found a flagged portal.
  2660 | Bailey   | Entered a bailey
  2693 | Bailey   | Reached skill level 14 in Axes
  2906 | D:11     | Reached skill level 5 in Armour
  2906 | D:11     | Reached XP level 10. HP: 68/87 MP: 10/10
  2920 | D:11     | Found a staircase to the Lair.
  2924 | D:11     | Noticed a red ugly thing
  2934 | D:11     | Reached skill level 5 in Fighting
  2940 | D:11     | Killed a red ugly thing
  3033 | D:11     | Found a portal to a secret trove of treasure.
  3041 | D:11     | Found Hayvir's Antique Armour Boutique.
  3048 | D:11     | Paralysed by a wasp for 3 turns
  3057 | D:11     | Received a gift from Trog
  3062 | D:11     | Bought a pair of embroidered gloves for 144 gold pieces
  3089 | D:11     | Found a staircase to the Orcish Mines.
  3197 | D:11     | Noticed a manticore
  3208 | D:11     | Killed a manticore
  3210 | D:11     | Noticed a cyclops
  3238 | D:11     | Killed a cyclops
  3662 | D:11     | Noticed a hill giant
  3673 | D:11     | Killed a hill giant
  3731 | D:12     | Reached XP level 11. HP: 96/102 MP: 11/11
  3770 | D:12     | Noticed an eight-headed hydra
  3770 | D:12     | Identified 2 scrolls of acquirement
  3771 | D:12     | Got a polished hunting sling
  3819 | D:13     | Identified the +5 hunting sling "Sahad" {flame, MR+} (You acquired it on level 12 of the Dungeon)
  3868 | D:13     | Found Kebriu Cubb's Weapon Emporium.
  3930 | D:13     | Found Ugherresaq's Jewellery Boutique.
  3938 | D:13     | Bought an uncursed amulet of the gourmand for 360 gold pieces
  3947 | D:13     | Found Roozxag's Antique Weapon Shoppe.
  3959 | D:13     | Bought a smoking war axe for 280 gold pieces
  3959 | D:13     | Identified the cursed +1 war axe of Kodin {chop, MR+ Dex-5 SInv Stlth+} (You bought it in a shop on level 13 of the Dungeon)
  3986 | D:13     | Noticed a hill giant
  3994 | D:13     | Killed a hill giant
  4065 | D:13     | Reached skill level 15 in Axes
  4150 | D:13     | Noticed an unseen horror
  4205 | D:13     | Noticed a six-headed hydra
  4213 | D:13     | Killed a three-headed hydra
  4253 | D:13     | Noticed a hill giant
  4261 | D:13     | Killed a hill giant
  4287 | D:13     | Noticed a five-headed hydra
  4293 | D:13     | Killed a one-headed hydra
  4357 | D:14     | Reached skill level 16 in Axes
  4381 | D:14     | Got a dazzling ring mail
  4392 | D:14     | Identified the cursed +0 ring mail of the Harvest Moon {*Contam rC- Str+5} (You found it on level 14 of the Dungeon)
  4502 | D:14     | Noticed Rupert
  4504 | D:14     | Noticed a skeletal warrior
  4507 | D:14     | Noticed a giant orange brain
  4518 | D:14     | Killed Rupert
  4518 | D:14     | Reached XP level 12. HP: 110/110 MP: 12/12
  4526 | D:14     | Reached skill level 17 in Axes
  4538 | D:14     | Noticed Donald
  4541 | D:14     | Killed a giant orange brain
  4553 | D:14     | Killed Donald
  4568 | D:14     | Killed a skeletal warrior
  4568 | D:14     | Reached skill level 18 in Axes
  4580 | D:14     | Found a gate to the Vaults.
  4591 | D:15     | Entered Level 15 of the Dungeon
  4591 | D:15     | Noticed a rakshasa
  4723 | D:14     | Noticed a flayed ghost
  4735 | D:14     | Killed a flayed ghost
  4756 | D:14     | Gained mutation: You expend magic power (3 MP) to strengthen your wands. [mutagenic meat]
  4757 | D:14     | Gained mutation: You are dopey. (Int -2) [mutagenic meat]
  4759 | D:14     | Gained mutation: You are partially covered in yellow scales (AC +2). [mutagenic meat]
  4773 | D:14     | Noticed a skeletal warrior
  4787 | D:14     | Killed a skeletal warrior
  4829 | D:14     | Noticed a deep troll
  4836 | D:14     | Killed a deep troll
  4836 | D:14     | Reached skill level 19 in Axes
  4988 | D:15     | Paralysed by a wizard for 2 turns
  5009 | D:15     | Gained mutation: You can breathe flames. [mutagenic meat]
  5010 | D:15     | Gained mutation: You have sharp fingernails. [mutagenic meat]
  5050 | D:15     | Killed a rakshasa
  5066 | D:15     | Reached XP level 13. HP: 106/117 MP: 11/11
  5082 | D:15     | Got a faintly glowing chain mail
  5095 | D:15     | Identified the +2 chain mail "Oniav" {Slay+3 Stlth+} (You found it on level 15 of the Dungeon)
  5108 | D:15     | Noticed a rakshasa
  5114 | D:15     | Killed a rakshasa
  5114 | D:15     | Killed a rakshasa
  5125 | D:15     | Found Ethravoji's Jewellery Shoppe.
  5133 | D:15     | Bought an uncursed ring of see invisible for 270 gold pieces
  5141 | D:15     | Found Doag's Weapon Shoppe.
  5175 | D:15     | Gained mutation: You passively map a large area around you. [mutagenic meat]
  5176 | D:15     | Lost mutation: You can breathe flames. [mutagenic meat]
  5217 | D:15     | Found Zecull's Magic Scroll Shop.
  5287 | D:15     | Noticed a centaur warrior
  5296 | D:15     | Killed a centaur warrior
  5330 | D:15     | Reached skill level 20 in Axes
  5376 | D:15     | Found a staircase to the Depths.
  5376 | D:15     | Noticed an ogre mage
  5387 | D:15     | Killed an ogre mage
  5491 | D:12     | Killed a five-headed hydra
  5590 | Orc:1    | Entered Level 1 of the Orcish Mines
  5842 | Orc:2    | Found a dark tunnel.
  5859 | Volcano  | Entered a volcano
  6000 | Orc:3    | Found a frozen archway.
  6024 | IceCv    | Entered an ice cave
  6046 | IceCv    | Got a warped hand axe
  6047 | IceCv    | Identified the +1 hand axe of Yredelemnul's Delight {chop, rPois Str+4} (You found it in an ice cave)
  6061 | IceCv    | Reached skill level 21 in Axes
  6197 | Orc:3    | You fall through a shaft!
  6197 | Orc:4    | Entered Level 4 of the Orcish Mines
  6197 | Orc:4    | Found Lydodeoh's Antique Armour Emporium.
  6197 | Orc:4    | Found a one-way gate leading to the halls of Pandemonium.
  6197 | Orc:4    | Found Farph's Gadget Shoppe.
  6225 | Orc:4    | Found a staircase to the Elven Halls.
  6251 | Orc:4    | Found Dewni's Magic Scroll Shoppe.
  6264 | Orc:4    | Found Jijaiwa's Distillery.
  6269 | Orc:4    | Bought a scroll of enchant weapon for 112 gold pieces
  6415 | Orc:4    | Found Bohut's Distillery.
  6418 | Orc:4    | Received a gift from Trog
  6430 | Orc:4    | Found Unode's Food Shop.
  6467 | Orc:4    | *** food shop O:4 ***
  6622 | Orc:4    | Gained mutation: You resist negative energy. [Deep Dwarf growth]
  6622 | Orc:4    | Reached XP level 14. HP: 48/127 MP: 5/10
  6736 | Orc:4    | Bought a distressingly furry cloak for 342 gold pieces
  6741 | Orc:4    | Identified the +1 cloak "Mafrisis" {+Blink MR+ Str-2 Int+10} (You bought it in a shop on level 4 of the Orcish Mines)
  6773 | Orc:4    | Bought a wand of heal wounds (4) for 720 gold pieces
  6903 | D:11     | You paid a toll of a wand of hasting (9) to enter a treasure trove
  6904 | Trove    | Entered a treasure trove
  6907 | Trove    | Got a ring of the Octopus King
  6916 | Trove    | Got a bound granite ring
  6918 | Trove    | Got a sparkling bone amulet
  6930 | Trove    | Got a faintly glowing bronze ring
  6936 | Trove    | Identified the ring of Oxyen {Ice Int+5 Dex+2 Slay-6} (You found it in a treasure trove)
  6937 | Trove    | Identified a ring of the Octopus King {Wiz AC+1 EV+1 Str+1 Int+1 Dex+1} (You found it in a treasure trove)
  6939 | Trove    | Identified the ring "Coatimn" {-Tele rC+ Dex+4 Slay+5} (You found it in a treasure trove)
  6947 | Trove    | Got a steaming sapphire amulet
  6986 | D:11     | Identified the amulet of Suspected Treachery {rMut *Corrode rElec rC- Int+3} (You found it in a treasure trove)
  6988 | D:11     | Identified the amulet "Seam" {rMut MP+9 Str+7 Dex+6} (You found it in a treasure trove)
  7006 | Lair:1   | Entered Level 1 of the Lair of Beasts
  7071 | Lair:1   | Found a labyrinth entrance.
  7080 | Lair:1   | Reached skill level 22 in Axes
  7095 | Lab      | Entered a labyrinth
  7553 | Lab      | Reached skill level 1 in Evocations
  7562 | Lab      | Got a warped scale mail
  7573 | Lab      | Identified the +5 scale mail "Mooroent" {+Fly Slay+2 SInv} (You found it in a labyrinth)
  7691 | Lair:2   | Identified Nyroeteo's Reference Book on Flight (You found it on level 2 of the Lair of Beasts)
  7719 | Lair:3   | Got a bound brass ring
  7730 | Lair:3   | Identified the ring "Vupabbog" {Str+2 Int+4 Slay+3} (You found it on level 3 of the Lair of Beasts)
  7812 | Lair:5   | Noticed Snorg
  7824 | Lair:5   | Killed Snorg
  7899 | Lair:6   | Found a runed door.
  7968 | Lair:8   | Entered Level 8 of the Lair of Beasts
  8049 | Lair:8   | Reached skill level 5 in Evocations
  8068 | Lair:8   | Reached skill level 10 in Fighting
  8213 | Lair:8   | Reached XP level 15. HP: 100/138 MP: 13/13
  8242 | Lair:8   | Found a viscous altar of Jiyva.
  8242 | Lair:8   | Found a staircase to the Slime Pits.
  8612 | Lair:6   | Found a staircase to the Shoals.
  8704 | Lair:5   | Noticed Josephine
  8716 | Lair:5   | Killed Josephine
  8774 | Lair:5   | Found a shadowy altar of Dithmenos.
  8844 | Lair:5   | Identified a +5 rod of destruction (14/14) (You found it in a labyrinth)
  8988 | Lair:4   | Found a staircase to the Snake Pit.
  9004 | Snake:1  | Entered Level 1 of the Snake Pit
  9014 | Snake:1  | Reached skill level 23 in Axes
  9112 | Snake:1  | Gained mutation: You evolve. [potion of mutation]
  9112 | Snake:1  | Gained mutation: You have a pair of small horns on your head. [potion of mutation]
  9112 | Snake:1  | Gained mutation: Your flesh is heat resistant. [potion of mutation]
  9113 | Snake:1  | Gained mutation: Your flesh is cold resistant. [potion of beneficial mutation]
  9293 | Snake:4  | Entered Level 4 of the Snake Pit
  9294 | Snake:4  | Noticed a greater naga
  9355 | Snake:4  | Noticed a greater naga
  9365 | Snake:4  | Killed a greater naga
  9397 | Snake:4  | Noticed a greater naga
  9403 | Snake:4  | Killed a greater naga
  9487 | Snake:4  | Noticed a greater naga
  9494 | Snake:4  | Killed a greater naga
  9499 | Snake:4  | Received a gift from Trog
  9561 | Snake:4  | Got a serpentine rune of Zot
  9720 | Snake:4  | Reached XP level 16. HP: 108/151 MP: 8/16
  9725 | Snake:4  | Got a fine bone ring
  9775 | Snake:4  | Identified the ring of Mejo {+Inv rElec rF++ rC+ Str-4} (You took it off a naga mage on level 4 of the Snake Pit)
  9808 | Snake:4  | Noticed inmateoo's ghost (mighty HuNe)
  9821 | Snake:4  | Killed inmateoo's ghost
  9959 | Snake:3  | Noticed a greater naga
  9967 | Snake:3  | Reached skill level 5 in Dodging
  9968 | Snake:3  | Killed a greater naga
  9984 | Snake:2  | Found a shattered altar of Ashenzari.
 10138 | Lair:4   | Found a staircase to the Shoals.
 10153 | Shoals:1 | Entered Level 1 of the Shoals
 10225 | Shoals:3 | Got a jacinth-encrusted leather armour
 10254 | Shoals:3 | Got a shimmering buckler
 10277 | Shoals:3 | Noticed Kirke
 10285 | Shoals:3 | Killed Kirke
 10305 | Shoals:4 | Entered Level 4 of the Shoals
 10417 | Shoals:3 | Reached skill level 10 in Evocations
 10515 | Shoals:3 | Received a gift from Trog
 10533 | Shoals:3 | Found Muystre Qado's Magic Scroll Boutique.
 10544 | Shoals:3 | Bought a scroll of recharging for 161 gold pieces
 10544 | Shoals:3 | Bought a scroll of teleportation for 51 gold pieces
 10544 | Shoals:3 | Bought a scroll of silence for 127 gold pieces
 10623 | Shoals:3 | Identified the +2 leather armour "Izoixymi" {MP+9} (You found it on level 3 of the Shoals)
 10639 | Shoals:3 | Identified the +1 buckler "Norang" {*Confuse rF+ rC+ Slay+3} (You acquired it on level 3 of the Shoals)
 10861 | Shoals:4 | Reached XP level 17. HP: 45/162 MP: 8/16
 10866 | Shoals:4 | Got a barnacled rune of Zot
 11101 | Slime:1  | Entered Level 1 of the Pits of Slime
 11202 | Slime:5  | Received a gift from Trog
 11217 | Slime:6  | Entered Level 6 of the Pits of Slime
 11224 | Slime:6  | Reached skill level 10 in Dodging
 11276 | Slime:6  | Found a viscous altar of Jiyva.
 11276 | Slime:6  | Noticed the royal jelly
 11302 | Slime:6  | Killed the royal jelly
 11374 | Slime:6  | Got a twisted ring mail
 11377 | Slime:6  | Identified the Handbook of the Voyage (You found it on level 6 of the Pits of Slime)
 11432 | Slime:6  | Identified the +2 ring mail of Jejarph {rElec MR+ Str+2} (You found it on level 6 of the Pits of Slime)
 11432 | Slime:6  | Upgraded the game from 0.17-a0-1093-g0b3cd89 to 0.17-a0-1105-gbe8b664
 11441 | Slime:6  | Identified the Handbook of Conjuration and Intoxication (You found it on level 6 of the Pits of Slime)
 11475 | Slime:6  | Got a twisted chain mail
 11481 | Slime:6  | Identified the +2 chain mail "Tazxemo" {rN+} (You found it on level 6 of the Pits of Slime)
 11561 | Slime:6  | Got a slimy rune of Zot
 11573 | Slime:6  | Got a clouded lapis lazuli ring
 11575 | Slime:6  | Identified the ring of Peawne {rPois rN+ Str+6 Int-4 Stlth-} (You found it on level 6 of the Pits of Slime)
 11950 | D:4      | Found a staircase to the Ecumenical Temple.
 11958 | Temple   | Entered the Ecumenical Temple
 11995 | Temple   | Fell from the grace of Trog
 11995 | Temple   | Became a worshipper of Makhleb the Destroyer
 12005 | Temple   | Learned a level 2 spell: Repel Missiles
 12013 | D:4      | Learned a level 2 spell: Cure Poison
 12024 | D:5      | Learned a level 4 spell: Control Teleport
 12042 | D:7      | Noticed Joseph
 12063 | D:8      | Learned a level 5 spell: Phase Shift
 12093 | D:9      | Found a shadowy altar of Dithmenos.
 12216 | Vaults:1 | Entered Level 1 of the Vaults
 12248 | Vaults:1 | Reached skill level 1 in Spellcasting
 12255 | Vaults:1 | Reached skill level 1 in Translocations
 12256 | Vaults:1 | Acquired Makhleb's first power
 12345 | Vaults:1 | HP: 5/166 [troll[the rage of Trog] (11)]
 12345 | Vaults:1 | Slain by a troll

Vault maps used:
D:1:      saegor_arrival_simple_f, ashenzari_altar_1
D:2:      tso_altar, hex_large
D:3:      portal_sewer_entry_a, kennysheep_generic_room_12,
          uniq_crazy_yiuf_cottage
D:4:      minmay_temple_entry_trees
D:5:      bloody_trog, grunt_gozag_statues, first_bread, uniq_pikel
D:6:      grunt_temple_overflow_open, okawaru_metal_pillars_1_2, serial_shops,
          kennysheep_little_box
D:7:      vehumet_statue, uniq_duvessa, uniq_joseph
D:8:      lemuel_coloured_pillars_altar, overflow_temple_1_default,
          nicolae_ossuary_entry_ruins, uniq_psyche
D:9:      nicolae_dithmenos_the_darkroom
D:10:     enter_bailey_1
D:11:     erik_lair_island, zombieorc2_lemuel, serial_shops, shop_fountains,
          enter_trove_1
D:12:     uniq_sonja
D:13:     serial_shops, nicolae_shop_trees, nicolae_shop_crystal, shop,
          hangedman_stone_soup
D:14:     minmay_triangles_in_corner, david_vaults_3, dk_noncrumbling_4,
          dk_noncrumbling_3
D:15:     grunt_enter_depths_magical_seal, serial_park_tiny_pond, serial_shops,
          nicolae_shop_trees, shop, shop
Temple:   cyrus_temple_forest_13
Lair:1:   lab_entry_generic, serial_bayou_shore_b, uniq_nergalle, uniq_gastronok
Lair:2:   beast_lair_carwin_large_1
Lair:3:   basic_altar
Lair:4:   minmay_shoals_entry_centaurs, minmay_snake_entry_guardpost_small
Lair:5:   minmay_stone_trees_small, lemuel_centaur_altar, uniq_josephine,
          uniq_snorg
Lair:6:   minmay_shoals_entry_lonely_mermaid, pf_torpor_hydra
Lair:8:   grunt_lair_end_beastmaster, dpeg_slime_entry_enclosed_altar,
          serial_bayou_lagoon_a, st_stairs_5, lemuel_fruit_fields,
          serial_bayou_shore_b
Shoals:1: hangedman_shoal_volcano
Shoals:2: centaur_isle
Shoals:3: serial_shops, shop, uniq_kirke
Shoals:4: shoals_end_simple, shoals_ilsuiw_alternative,
          nicolae_shoals_square_sea_wall, nicolae_shoals_hunting_party
Snake:2:  basic_altar, st_stairs_13, hangedman_venom_bottle
Snake:3:  serial_shops, bzr_entry_safe
Snake:4:  minmay_snake_end_coiled
Slime:4:  cheibrodos_slime_lost_civilization_3
Orc:2:    enter_volcano_1
Orc:3:    portal_ice_cave_entry_ice_beasts, nicolae_orc_pool_cavern, uniq_urug
Orc:4:    pf_orc_diabolical, serial_shops, nicolae_shop_trees, shop
Vaults:1: nicolae_vaults_octagons, hangedman_vaults_corner, vaults_dpeg_doors,
          vaults_room_grid, hangedman_vaults_unwind, grunt_vaults_focal,
          ontoclasm_vaults_chip, v_misc_25, nicolae_vaults_border_crossing,
          ontoclasm_vaults_spin, vaults_room_corners, vaults_dpeg_ring,
          mu_enter_wizlab_6
Trove:    trove_jewellery_lava
Sewer:    sewer_minmay_treatment
Ossuary:  ossuary_crypta
Bailey:   bailey_polearm_4, bailey
IceCv:    ice_cave_statue_garden_01
Volcano:  volcano_village

Action                   |  1- 3 |  4- 6 |  7- 9 | 10-12 | 13-15 | 16-18 || total
-------------------------+-------+-------+-------+-------+-------+-------++-------
Melee: Hand axe          |   129 |   161 |   347 |   232 |       |       ||   869
       Executioner's axe |       |       |       |   283 |   752 |   400 ||  1435
       War axe           |       |       |       |     8 |       |       ||     8
       Broad axe         |       |       |       |       |       |    57 ||    57
 Cast: Repel Missiles    |       |       |       |       |       |     1 ||     1
Invok: Trog's Hand       |     1 |     4 |    14 |    29 |    53 |    38 ||   139
       Berserk           |     1 |     2 |     7 |    11 |    13 |     5 ||    39
       Brothers in Arms  |       |       |     1 |       |       |     1 ||     2
 Abil: Device Recharging |       |       |       |     2 |     5 |     2 ||     9
       Evoke Flight      |       |       |       |       |     1 |    11 ||    12
       Evoke Teleportati |       |       |       |       |       |    22 ||    22
       Evoke Teleport Co |       |       |       |       |       |    21 ||    21
       Evoke Blink       |       |       |       |       |       |     2 ||     2
Evoke: Wand              |     3 |     2 |    19 |    15 |    19 |    29 ||    87
       Phial of floods   |       |       |       |       |       |     1 ||     1
  Use: Scroll            |     1 |     4 |     7 |    13 |    25 |    14 ||    64
       Potion            |       |       |     3 |    11 |     7 |     2 ||    23
 Stab: Petrifying        |       |       |       |       |     3 |       ||     3
       Petrified         |       |       |       |       |     1 |       ||     1
       Distracted        |       |       |       |       |       |     1 ||     1
  Eat: Chunk             |       |     3 |    10 |    29 |    23 |       ||    65
       Beef jerky        |       |     1 |     1 |     1 |     1 |     1 ||     5
       Bread ration      |       |       |     1 |       |       |       ||     1
       Meat ration       |       |       |       |     1 |       |     3 ||     4
       Fruit             |       |       |       |     2 |    15 |     2 ||    19
       Royal jelly       |       |       |       |       |     1 |     5 ||     6
       Pizza             |       |       |       |       |     2 |     1 ||     3
